 Dungeon Crawl Stone Soup version 0.14-a0-1474-g1105da3 (webtiles) character file.

133 Malachi the Fey Mummy (level 4, -2/34 HPs)
             Began as a Mummy Death Knight on Dec 14, 2013.
             Was a Believer of Yredelemnul.
             Slain by an orc
             ... wielding a +0,+1 orcish whip
              (6 damage)
             ... on Level 3 of the Dungeon.
             The game lasted 00:02:28 (1504 turns).

Malachi the Fey Mummy (Mummy Death Knight)          Turns: 1504, Time: 00:02:28

HP  -2/34        AC  5     Str 17      XL: 4   Next:  3%
MP   5/5         EV 10     Int 10      God: Yredelemnul [**....]
Gold 63          SH  0     Dex 11      Spells:  0 memorised,  3 levels left

rFire  x . .     SeeInvis .     a - +1 hand axe
rCold  + . .     Clarity  .     c - +0 ring mail
rNeg   + + +     Conserve .     (no shield)
rPois  +         rCorr    .     (no helmet)
rElec  .         rRot     +     (no cloak)
SustAb . .       Spirit   .     (no gloves)
rMut   .         Warding  .     (no boots)
Saprov . . .     Stasis   .     (no amulet)
                                e - ring of regeneration
                                b - ring of protection from magic {unknown}

@: quite resistant to hostile enchantments, extremely unstealthy
A: no food or potions, fire vulnerability, restore body, cold resistance 1, life
protection 3, poison resistance, torment resistance, unbreathing
a: Animate Remains, Recall Undead Slaves, Injury Mirror, Renounce Religion


You were on level 3 of the Dungeon.
You worshipped Yredelemnul.
Yredelemnul was pleased with you.
You were not hungry.

You visited 1 branch of the dungeon, and saw 3 of its levels.

You collected 63 gold pieces.

Inventory:

Hand weapons
 a - a +1,+1 hand axe (weapon)
Armour
 c - a +0 ring mail (worn)
Magical devices
 h - a wand of random effects (19) {unknown}
Scrolls
 d - 2 scrolls of teleportation {unknown}
 f - a scroll of amnesia {unknown}
 g - a scroll of identify {unknown}
 i - 2 scrolls of magic mapping {unknown}
 j - a scroll of remove curse {unknown}
Jewellery
 b - a ring of protection from magic (left hand) {unknown}
 e - a ring of regeneration (right hand)


   Skills:
 + Level 2.4 Fighting
 + Level 2.1 Axes
 + Level 1.6 Armour
 + Level 1.4 Dodging
 + Level 0.1 Stealth
 + Level 2.8 Invocations


You had 3 spell levels left.
You didn't know any spells.

Dungeon Overview and Level Annotations

Branches:
Dungeon (3/16)

Altars:
Sif Muna


Innate Abilities, Weirdness & Mutations

You do not eat or drink.
Your flesh is vulnerable to fire.
Your flesh is cold resistant.
You are immune to negative energy.
Your system is resistant to poisons.
You are immune to unholy pain and torment.
You can survive without breathing.


Message History

The orc priest closely misses you. The orc hits you but does no damage.
The orc barely misses you.
You hit the orc but do no damage. You barely miss the orc priest.
The orc priest is heavily wounded.
You hit the orc.
You kill the orc!
Yredelemnul accepts your kill. The orc priest barely misses you.
The orc hits you with an orcish whip.
* * * LOW HITPOINT WARNING * * *
You closely miss the orc priest.
The orc priest is heavily wounded.
You hit the orc but do no damage. The orc priest closely misses you.
The orc hits you with an orcish whip.
* * * LOW HITPOINT WARNING * * *
A goblin comes into view.
You barely miss the orc. You hit the orc priest.
The orc priest is almost dead.
The orc hits you with an orcish whip.
You die...
Yredelemnul claims you as an undead slave.

###### # .####....# #
.......oo.############# #
g......)@.............###
...###.%)................
##########.......%.<
#.......### #.......# #
#.......# # #.......# #
#......!# # #.......#


You could see an orc priest, an orc and a goblin.

Vanquished Creatures
  An orc wizard (D:3)
  2 giant geckos (D:2)
  An ooze (D:1)
  3 orcs (D:3)
  4 giant cockroaches
  4 goblins
  5 hobgoblins
  A jackal (D:2)
  5 kobolds
  10 bats
  A giant newt (D:1)
  2 rats
39 creatures vanquished.

Notes
Turn   | Place    | Note
--------------------------------------------------------------
     0 | D:1      | Malachi, the Mummy Death Knight, began the quest for the Orb.
     0 | D:1      | Reached XP level 1. HP: 16/16 MP: 1/1
   281 | D:1      | Reached XP level 2. HP: 21/23 MP: 2/2
   507 | D:1      | Reached skill level 1 in Armour
   741 | D:2      | Reached XP level 3. HP: 24/28 MP: 4/4
   865 | D:2      | Reached skill level 1 in Dodging
  1004 | D:2      | Found a deep blue altar of Sif Muna.
  1054 | D:2      | Acquired Yredelemnul's second power
  1501 | D:3      | Reached XP level 4. HP: 8/34 MP: 5/5
  1504 | D:3      | Slain by an orc

Action                   |  1- 3 |  4- 6 || total
-------------------------+-------+-------++-------
Melee: Hand axe          |   125 |     3 ||   128
